 Dungeon Crawl Stone Soup version 0.21-a0-442-g848f44b (webtiles) character file.

58 slep the Covered (level 3, 0/30 HPs)
             Began as a Minotaur Wanderer on Nov 16, 2017.
             Slain by an adder (1 damage)
             ... on level 2 of the Dungeon.
             The game lasted 00:05:19 (1264 turns).

slep the Covered (Minotaur Wanderer)                Turns: 1264, Time: 00:05:20

Health: 0/30       AC:  7    Str: 16    XL:     3   Next: 75%
Magic:  2/2        EV: 11    Int:  9    God:
Gold:   93         SH:  0    Dex: 10    Spells: 2/2 levels left

rFire    . . .     SeeInvis .   e - +0 club
rCold    . . .     Gourm    .   (no shield)
rNeg     . . .     Faith    .   d - +0 ring mail
rPois    .         Spirit   .   (helmet restricted)
rElec    .         Reflect  .   (no cloak)
rCorr    .         Harm     .   s - +0 pair of gloves
MR       .....                  (no boots)
Stlth    ..........             (no amulet)
HPRegen  0.10/turn              (no ring)
MPRegen  0.08/turn              (no ring)

@: no status effects
A: retaliatory headbutt, horns 2
a: no special abilities


You were on level 2 of the Dungeon.
You were not hungry.

You visited 1 branch of the dungeon, and saw 2 of its levels.

You collected 93 gold pieces.

Inventory:

Hand Weapons
 a - a +2 shortbow
 e - a +0 club (weapon)
Missiles
 b - 47 arrows
 l - 7 javelins (quivered)
Armour
 d - a +0 ring mail (worn)
 s - a +0 pair of gloves (worn)
Scrolls
 c - a scroll of teleportation
 h - a scroll of identify {unknown}
 n - a scroll of remove curse {unknown}
 r - a scroll of enchant armour {unknown}
Potions
 j - a potion of agility {unknown}
 m - a potion of haste {unknown}
 o - a potion of invisibility {unknown}
 p - a potion of lignification {unknown}
 q - a potion of ambrosia {unknown}
 t - 3 potions of heal wounds {unknown}
Comestibles
 f - 2 bread rations
 g - a fruit
 i - a meat ration
 k - a royal jelly
 u - 2 chunks of flesh


   Skills:
 + Level 2.7 Fighting
 + Level 0.8 Maces & Flails
 + Level 1.2 Bows
 + Level 5.0 Armour
 + Level 2.8 Dodging
   Level 1.2 Shields
   Level 1.0 Evocations


You had 2 spell levels left.
You didn't know any spells.

Dungeon Overview and Level Annotations

Branches:
Dungeon (2/15)

Altars:

Annotations:
D:2 1 runed door


Innate Abilities, Weirdness & Mutations

You reflexively headbutt those who attack you in melee.
You have a pair of horns on your head.


Message History

The kobold throws a stone.
The stone barely misses you.
The kobold throws a stone.
The stone hits you but does no damage.
You see here a stone.
An adder comes into view.
The adder hisses angrily.
The kobold throws a stone.
The stone misses you. The kobold barely misses you.
You hit the kobold but do no damage. You headbutt the kobold.
You kill the kobold!
Your Armour skill increases to level 5!
The adder bites you.
* * * LOW HITPOINT WARNING * * *
You closely miss the adder. The adder bites you.
* * * LOW HITPOINT WARNING * * *
The adder bites you but does no damage.
You closely miss the adder. The adder closely misses you.
You closely miss the adder. The adder bites you.
* * * LOW HITPOINT WARNING * * *
The adder bites you.
You die...

#### #... ########...
#.....##... #..........
#..###########>....##...
#....S@..(.(......#####
#.#############.#......
#.####### #.# #..
########.### .## ...
#..........# .h. #.#
#..........# #h. #.#
#....<.....# #..###.#
#..........###


You could see an adder.

Vanquished Creatures
  An adder (D:2)
  2 worms (D:2)
  A leopard gecko (D:2)
  4 giant cockroaches
  4 goblins (D:1)
  7 hobgoblins (D:1)
  4 jackals (D:2)
  A bat (D:1)
  4 frilled lizards (D:1)
  8 kobolds
  3 rats (D:1)
39 creatures vanquished.

Notes
Turn   | Place    | Note
-------+----------+-------------------------------------------
     0 | D:1      | slep the Minotaur Wanderer began the quest for the Orb.
     0 | D:1      | slep set off with: a +2 shortbow, 24 arrows, a scroll of teleportation, a +0 ring mail, a bread ration
     0 | D:1      | Reached XP level 1. HP: 18/18 MP: 0/0
   166 | D:1      | Reached XP level 2. HP: 15/25 MP: 1/1
   207 | D:1      | Reached skill level 4 in Armour
   660 | D:1      | Reached XP level 3. HP: 24/30 MP: 2/2
  1202 | D:2      | Found a runed door.
  1261 | D:2      | Reached skill level 5 in Armour
  1264 | D:2      | HP: 1/30 [adder (3)]
  1264 | D:2      | Slain by an adder

Vault maps used:
D:1:      elethiomel_arrival_infinity_welcomes_careful_drivers
D:2:      marbit_many_paths, first_bread, uniq_crazy_yiuf_cottage

Skill      XL: |  1  2  3 |
---------------+----------+-----
Armour         | 4 5 |  5.0
Fighting       | |  2.7
Maces & Flails | |  0.8
Bows           | |  1.2
Dodging        | |  2.8
Shields        | |  1.2
Evocations     | |  1.0

Action                   || total
-------------------------++-------
Melee: Shortbow          ||    13
       Club              ||    99
       Headbutt          ||    21
 Fire: Shortbow          ||     4
  Eat: Chunk             ||     1
Armor: Ring mail         ||    47
Dodge: Dodged            ||    70

Table legend:
 A = Spawn XP
 B = Non-spawn XP
 C = Spawn XP percentage of total XP
 D = Spawn monster count
 E = Non-spawn monster count
 F = Spawn count percentage of total count
 G = Total turns spent on level
                    A         B        C        D         E        F      G
               +---------+---------+-------+---------+---------+-------+---------
         Total |       0 |      83 |   0.0 |       0 |      39 |   0.0 |  1264
               +---------+---------+-------+---------+---------+-------+---------
           D:1 |       0 |      44 |   0.0 |       0 |      28 |   0.0 |   985
           D:2 |       0 |      39 |   0.0 |       0 |      11 |   0.0 |   279
               +---------+---------+-------+---------+---------+-------+---------
